 Dungeon Crawl Stone Soup version 0.31-a0-986-g5e6e4ef867 (webtiles) character file.

Game seed: 6438856383701562981

5504 Zonian the Thaumaturge (level 10, -2/50 HPs)
             Began as a Deep Elf Conjurer on Nov 12, 2023.
             Was a Follower of Uskayaw.
             Slain by a two-headed ogre
             ... wielding a +0 giant club
              (16 damage)
             ... on level 8 of the Dungeon.
             The game lasted 00:36:22 (10435 turns).

Zonian the Thaumaturge (Deep Elf Conjurer)         Turns: 10435, Time: 00:36:22

Health: -2/50      AC:  6    Str:  4    XL:     10   Next: 42%
Magic:  15/24      EV: 15    Int: 28    God:    Uskayaw [*.....]
Gold:   483        SH:  0    Dex: 19    Spells: 12/26 levels left

rFire   . . .        s - +2 dagger (venom) {short}
rCold   + . .        (no shield)
rNeg    . . .        j - +0 troll leather armour
rPois   .            (no helmet)
rElec   .            (no cloak)
rCorr   .            q - +2 pair of gloves
SInv    .            (no boots)
Will    +....        (no amulet)
Stlth   ++++         A - +6 ring of dexterity
HPRegen 1.08/turn    m - ring of protection from cold
MPRegen 0.19/turn

%: no passive effects
@: no status effects
A: no striking features
a: Renounce Religion, Stomp


You were on level 8 of the Dungeon.
You worshipped Uskayaw.
Uskayaw was noncommittal.
You visited 1 branch of the dungeon, and saw 8 of its levels.

You collected 483 gold pieces.


   Skills:
 + Level 4.4 Short Blades
 + Level 8.1 Dodging
 + Level 8.5 Stealth
 + Level 8.8 Spellcasting
 + Level 8.4 Conjurations
 + Level 7.4 Hexes
 + Level 5.2 Translocations


You had 12 spell levels left.
You knew the following spells:

 Your Spells              Type           Power      Damage    Failure   Level
a - Magic Dart            Conj           100%       1d8       1%          1
b - Searing Ray           Conj           100%       2d8       1%          2
c - Dazzling Flash        Conj/Hex       100%       N/A       1%          3
d - Iskenderun's Mystic   Conj/Tloc      50%        2d11      4%          4
e - Fulminant Prism       Conj/Hex       27%        3d13      3%          4

Your spell library contained the following spells:

 Spells                   Type           Power      Damage    Failure   Level
 Foxfire                  Conj/Fire      100%       2x1d9     1%          1
 Volatile Blastmotes      Fire/Tloc      54%        2d14      9%          3
 Cigotuvi's Dreadful Rot  Necr/Pois/Air  24%        N/A       12%         2
 Sticky Flame             Conj/Fire      36%        2d6       14%         4
 Ignite Poison            Fire/Tmut/Pois 12%        N/A       24%         3
 Ozocubu's Armour         Ice            12%        N/A       24%         3
 Freezing Cloud           Conj/Ice/Air   14%        6-21      56%         5
 Starburst                Conj/Fire      18%        6d7       91%         6
 Plasma Beam              Fire/Air       6%         2x1d16    100%        6
 Ozocubu's Refrigeration  Ice            6%         4d8       100%        7
 Ignition                 Fire           6%         3d4       100%        8
 Maxwell's Capacitive Co  Air            6%         ∞         100%        8

Inventory:

Hand Weapons
 c - a +0 flail {mace}
   (You found it on level 1 of the Dungeon)
 f - the +1 trident "Pihouc" {flame, rN+ Int+2, polearm}
   (You acquired it on level 4 of the Dungeon)

   Int+2:     It affects your intelligence (+2).
   rN+:       It protects you from negative energy.
 s - a +2 dagger of venom (weapon) {short}
   (You took it off a goblin on level 3 of the Dungeon)
 v - a +0 rapier {short}
   (You took it off a hobgoblin on level 3 of the Dungeon)
 B - a +2 whip of venom {mace}
   (You took it off a gnoll on level 6 of the Dungeon)
 F - a +1 short sword {short}
   (You took it off a wight on level 8 of the Dungeon)
 H - a +4 scimitar of flaming {long}
   (You took it off Erica on level 8 of the Dungeon)
Armour
 a - a +0 robe
 j - a +0 troll leather armour (worn)
   (You found it on level 6 of the Dungeon)
 q - a +2 pair of gloves (worn)
   (You found it on level 3 of the Dungeon)
 D - +0 steam dragon scales
   (You found it on level 7 of the Dungeon)
 G - the +5 plate armour "Eshethrau" {Int+4}
   (You took it off an orc on level 8 of the Dungeon)

   Int+4:     It affects your intelligence (+4).
Jewellery
 h - a ring of flight
   (You found it on level 2 of the Dungeon)
 l - a +6 ring of strength
   (You found it on level 2 of the Dungeon)
 m - a ring of protection from cold (right hand)
   (You found it on level 2 of the Dungeon)
 u - a ring of protection from fire
   (You found it on level 3 of the Dungeon)
 x - a +6 ring of strength
   (You found it on level 4 of the Dungeon)
 A - a +6 ring of dexterity (left hand)
   (You found it on level 7 of the Dungeon)
Wands
 i - a wand of flame (25)
   (You found it on level 4 of the Dungeon)
 o - a wand of quicksilver (3)
   (You found it on level 2 of the Dungeon)
Scrolls
 e - 3 scrolls of immolation {!r!r}
 y - a scroll of fog
 z - 2 scrolls of teleportation {@r4}
 C - a scroll of revelation
Potions
 b - a potion of heal wounds {@q2}
 d - 2 potions of resistance
 g - 4 potions of curing {@q1}
 k - 2 potions of cancellation
 n - 2 potions of mutation {!q}
 p - a potion of might
 r - a potion of invisibility {unknown}
 t - a potion of degeneration {unknown}
 w - a potion of berserk rage {!q}
 E - 2 potions of haste {unknown}
 I - 2 potions of enlightenment {unknown}

Dungeon Overview and Level Annotations

Branches:
Dungeon (8/15) Zot: 25496  Temple (0/1) D:4
   Lair: D:8-11

Altars:
Cheibriados
Kikubaaqudgha
Nemelex Xobeh
Qazlal
Sif Muna
Trog
Uskayaw
Vehumet
Yredelemnul

Shops:
D:2 (

Annotations:
D:3 4 runed translucent doors, Crazy Yiuf; saranimal's ghost, weakling GrMo

...#
#<..#.'.....############
...# #######.....#
#.[...###########
#...............#
#...†...........#
####............# ##
#............# #.
######O......[....# #:
#....@............# #.
#.###........)....# ##
#.# #.............# #
#O§.#.............# #
5..§§§..............
..§....##..........
.......##.........
........###'#.....
.......#.# .#.....


You could see a two-headed ogre (extremely poisoned).


Message History

Aim: a lemure (almost dead, 79% to hit)
The searing ray hits the lemure.
You kill the lemure!
That felt strangely unrewarding. (Press . to maintain the ray.) 😕 HP[+1] MP[-2]
You lost 2 mp, and now have 14/24 mp.
Unknown command.
You start resting. 😎 HP[+5] MP[+1]
Your hp is fully restored (50).
You start resting. 😎 MP[+9]
Your mp is fully restored (24).
Unknown command.
The lemure shouts! x2; Pikel shouts!
You hear two shouts!
Casting: Searing Ray (safe; 1% risk of failure)
Confirm with . or Enter, or press ? or * to list all spells.
Casting: Dazzling Flash (safe; 1% risk of failure)
Press: ? - help, Dir - look around, f - activate Pikel is dazzled.
The lemure is dazzled. 😎 MP[-3]
You lost 3 mp, and now have 21/24 mp.
Unknown command.
You closely miss Pikel. Pikel hits you but does no damage.
A two-headed ogre comes into view. It is wielding two +0 giant clubs.
You catch the helpless Pikel completely off-guard!
You impale Pikel!!
Pikel is poisoned.
Pikel misses you.
Unknown command.
You closely miss Pikel.
Pikel hits you with a +0 whip of electrocution.
The lemure misses you. 😕 HP[-4]
You take 4 damage, and now have 46/50 hp.
Unknown command.
You catch the helpless Pikel completely off-guard!
You impale Pikel!!
You kill Pikel!
With Pikel's spell broken, his former minions thank you for their freedom.
The lemure departs this earthly plane. x2
You can now pass through a line of other dancers. 😕 HP[+1] 😕 HP[+1] MP[+1] 😕 HP[+1] 😎 HP[+1]
Your hp is fully restored (50). 😎 MP[+1]
You can no longer pass through a line of other dancers.
Casting: Dazzling Flash (safe; 1% risk of failure)
Confirm with . or Enter, or press ? or * to list all spells.
Casting: Dazzling Flash (safe; 1% risk of failure)
Press: ? - help, Dir - look around, f - activate The two-headed ogre is dazzled. 😎 MP[-3]
You lost 3 mp, and now have 20/24 mp.
Unknown command.
Casting: Dazzling Flash (safe; 1% risk of failure)
Confirm with . or Enter, or press ? or * to list all spells.
Aiming: Searing Ray (safe; 1% risk of failure)
Press: ? - help, Shift-Dir - straight line, f - two-headed ogre
Aim: a two-headed ogre, wielding two +0 giant clubs (blind, 92% to hit)
The searing ray hits the two-headed ogre! (Press . to maintain the ray.) 😎 MP[-2]
You lost 2 mp, and now have 18/24 mp.
Unknown command.
You hit the two-headed ogre.
The two-headed ogre is poisoned.
The two-headed ogre hits you with a +0 giant club!!
The two-headed ogre barely misses you.
You can now pass through a line of other dancers. 😮 HP[-21]
You take 21 damage, and now have 29/50 hp.
MASSIVE DAMAGE!! (PAUSE)
You hit the two-headed ogre.
The two-headed ogre looks as sick as possible! 😮 HP[+1]
You hit the two-headed ogre.
You punch the two-headed ogre, but do no damage.
The two-headed ogre is no longer blind.
The two-headed ogre barely misses you.
The two-headed ogre hits you with a +0 giant club.
* * * LOW HITPOINT WARNING * * *
😨 HP[-6] MP[+1]
You take 6 damage, and now have 24/50 hp.
Unknown command.
Aiming: Line Pass
Press: ? - help, Dir - move target, p - two-headed ogre The two-headed ogre appears confused.
You can no longer pass through a line of other dancers. 😮 HP[+2] MP[-4]
You regained 2 hp, and now have 26/50 hp.
You lost 4 mp, and now have 15/24 mp.
You hit the two-headed ogre.
The two-headed ogre looks as sick as possible!
You hit the two-headed ogre but do no damage.
The two-headed ogre looks as sick as possible!
The two-headed ogre seems less confused.
The two-headed ogre hits you with a +0 giant club!
* * * LOW HITPOINT WARNING * * *
The two-headed ogre hits you with a +0 giant club!
You die...

Skill      XL: |  1  2  3  4  5  6  7  8  9 10 |
---------------+-------------------------------+-----
Stealth        | 3 4 5 6 8 |  8.5
Dodging        | 3 4 5 6 7 8 |  8.1
Spellcasting   | 4 5 6 7 8 |  8.8
Conjurations   | 5 6 7 8 |  8.4
Hexes          | 1 3 4 5 6 7 |  7.4
Translocations | 1 3 4 5 |  5.2
Short Blades   | 2 4 |  4.4

Action                     |  1- 3 |  4- 6 |  7- 9 | 10-12 || total
---------------------------+-------+-------+-------+-------++-------
  Melee: Flail             |    12 |       |       |       ||    12
         Punch             |     1 |       |     2 |     1 ||     4
         Dagger            |       |     4 |   107 |    21 ||   132
         Trident           |       |     4 |     4 |       ||     8
   Cast: Magic Dart        |    89 |    72 |    98 |    32 ||   291
         Searing Ray       |       |     4 |    36 |    11 ||    51
         Dazzling Flash    |       |       |     4 |     2 ||     6
         Iskenderun's Myst |       |       |     4 |       ||     4
         Fulminant Prism   |       |       |       |     2 ||     2
 Invoke: Line Pass         |       |       |       |     1 ||     1
  Evoke: Wand              |       |     3 |     4 |     1 ||     8
    Use: Scroll            |       |    10 |     8 |     2 ||    20
         Potion            |       |     1 |       |       ||     1
   Stab: Sleeping          |       |     1 |     7 |       ||     8
         Paralysed         |       |       |     7 |       ||     7
         Invisible         |       |       |       |     2 ||     2
 Armour: Robe              |    18 |    18 |    55 |       ||    91
         Troll leather arm |       |       |    76 |    22 ||    98
  Dodge: Dodged            |    27 |    25 |   140 |    15 ||   207

Levels and vault maps discovered:
D:1:      psy_arrival_fountain, layout_rooms
D:2:      layout_rooms, basic_ecumenical_altar, basic_altar, serial_shops,
          nicolae_shop_trees
D:3:      layout_basic, yredelemnul_altar_generic, gammafunk_ghost_split,
          uniq_crazy_yiuf_cottage
D:4:      gammafunk_steamed_eel, layout_rooms, mainiacjoe_overflow_alcove_4,
          trog_three_pillars_becter, minmay_temple_entry_wispy
D:5:      layout_layer_cave, minmay_chambers_of_fives
D:6:      layout_loops_ring, marbit_many_paths, mainiacjoe_overflow_catwalk,
          nicolae_zig_zag_zippers
D:7:      layout_rooms, overflow_temple_1_default, mainiacjoe_overflow_24_doors,
          roadster_capsule_ark_zombie
D:8:      layout_basic, mainiacjoe_overflow_six_doors_small, uniq_pikel,
          uniq_maurice, uniq_erica

Notes
Turn   | Place    | Note
-------+----------+-------------------------------------------
     0 | D:1      | Zonian the Deep Elf Conjurer began the quest for the Orb.
     0 | D:1      | Reached XP level 1. HP: 10/10 MP: 6/6
     0 | D:1      | magus.rc [v1.9.6]
   190 | D:1      | Reached XP level 2. HP: 15/15 MP: 1/8
   305 | D:1      | You add the spells Ignite Poison, Sticky Flame and Ignition
                  | to your library.
   383 | D:1      | Reached skill level 3 in Stealth
   670 | D:1      | Reached skill level 3 in Dodging
   670 | D:1      | Reached XP level 3. HP: 16/19 MP: 2/10
  1373 | D:2      | You pick up a book of Conjurations {@e2} and begin
                  | reading...
  1463 | D:2      | Found a hide-covered altar of Uskayaw.
  1491 | D:2      | Became a worshipper of Uskayaw the Reveller
  1530 | D:2      | Reached * piety under Uskayaw
  1532 | D:2      | Reached XP level 4. HP: 24/24 MP: 7/11
  1606 | D:2      | Found a faded altar of an unknown god.
  1628 | D:2      | Found Ahafoyl's Weapon Shoppe.
  1801 | D:2      | Reached skill level 4 in Spellcasting
  1850 | D:3      | Found a runed translucent gate.
  1850 | D:3      | Found a runed translucent gate.
  1851 | D:3      | Found a runed translucent gate.
  1852 | D:3      | Noticed saranimal's ghost (weakling GrMo)
  1853 | D:3      | Noticed a bullfrog
  1856 | D:3      | You add the spells Cigotuvi's Dreadful Rot and Freezing
                  | Cloud to your library.
  1952 | D:3      | Reached skill level 5 in Conjurations
  1955 | D:3      | Learned a level 2 spell: Searing Ray
  2397 | D:3      | Found a basalt altar of Yredelemnul.
  2541 | D:3      | You pick up a book of Fire and begin reading...
  2541 | D:3      | You add the spells Foxfire, Plasma Beam and Starburst to
                  | your library.
  2924 | D:3      | Found a runed translucent door.
  2925 | D:3      | Noticed Crazy Yiuf
  2948 | D:4      | Found a transporter.
  2971 | D:4      | Found a bloodstained altar of Trog.
  2978 | D:4      | Reached XP level 5. HP: 28/28 MP: 9/13
  3016 | D:4      | You pick up a book of Spectacle and begin reading...
  3016 | D:4      | You add the spells Volatile Blastmotes and Maxwell's
                  | Capacitive Coupling to your library.
  3056 | D:4      | Identified a scroll of acquirement
  3056 | D:4      | Identified the "Ymaogol" (You acquired it on level 4 of
                  | the Dungeon)
  3060 | D:4      | Learned a level 3 spell: Dazzling Flash
  3060 | D:4      | Acquired the +1 trident "Pihouc" {flame, rN+ Int+2}
  3111 | D:4      | Found a transporter.
  3117 | D:4      | Reached ** piety under Uskayaw
  3119 | D:4      | Reached *** piety under Uskayaw
  3121 | D:4      | Reached skill level 4 in Stealth
  3121 | D:4      | Reached **** piety under Uskayaw
  3123 | D:4      | Reached skill level 4 in Dodging
  3123 | D:4      | Reached skill level 1 in Hexes
  3339 | D:4      | HP: 4/28 [electric eel/bolt of electricity (11)]
  3341 | D:4      | Reached XP level 6. HP: 5/32 MP: 15/15
  3916 | D:4      | Reached skill level 5 in Spellcasting
  3916 | D:4      | Reached skill level 2 in Hexes
  3975 | D:4      | Found a staircase to the Ecumenical Temple.
  4066 | D:4      | Found a radiant altar of Vehumet.
  4137 | D:5      | Entered Level 5 of the Dungeon
  4158 | D:5      | Reached skill level 5 in Stealth
  4163 | D:5      | HP: 3/32 [ogre/+0 giant club (12)]
  4163 | D:5      | Reached ***** piety under Uskayaw
  4165 | D:5      | Reached skill level 3 in Hexes
  4165 | D:5      | Reached XP level 7. HP: 4/36 MP: 11/17
  4415 | D:5      | Reached skill level 5 in Dodging
  4415 | D:5      | Reached skill level 6 in Conjurations
  4497 | D:5      | Learned a level 4 spell: Iskenderun's Mystic Blast
  4549 | D:5      | HP: 6/36 [ice beast (5)]
  4553 | D:5      | Reached skill level 1 in Translocations
  4783 | D:5      | Reached skill level 6 in Spellcasting
  5230 | D:5      | Reached skill level 4 in Hexes
  5287 | D:5      | Reached XP level 8. HP: 41/41 MP: 6/19
  5543 | D:5      | Reached skill level 6 in Stealth
  5559 | D:5      | You add the spells Ozocubu's Armour and Ozocubu's
                  | Refrigeration to your library.
  6029 | D:6      | Noticed a troll
  6131 | D:6      | Reached skill level 2 in Translocations
  6175 | D:6      | Reached skill level 1 in Short Blades
  6443 | D:6      | Reached skill level 6 in Dodging
  6539 | D:6      | Killed a troll
  6540 | D:6      | Reached skill level 5 in Hexes
  6546 | D:6      | HP: 8/41 [something/magic dart (9)]
  6549 | D:6      | Reached skill level 2 in Short Blades
  6715 | D:6      | Reached skill level 7 in Spellcasting
  6715 | D:6      | Reached skill level 3 in Translocations
  6777 | D:6      | Found a stormy altar of Qazlal.
  6820 | D:6      | Reached skill level 7 in Conjurations
  6876 | D:6      | Found a snail-covered altar of Cheibriados.
  6911 | D:6      | Reached XP level 9. HP: 45/45 MP: 9/21
  7285 | D:6      | Reached skill level 7 in Stealth
  7996 | D:7      | Reached skill level 3 in Short Blades
  8250 | D:7      | Found an ancient bone altar of Kikubaaqudgha.
  8267 | D:7      | Found a sparkling altar of Nemelex Xobeh.
  8379 | D:6      | Reached skill level 7 in Dodging
  8379 | D:6      | Reached skill level 6 in Hexes
  8721 | D:7      | Found a shimmering blue altar of Sif Muna.
  8930 | D:8      | Noticed Erica
  8935 | D:8      | Noticed Maurice
  8938 | D:8      | Killed Erica
  8939 | D:8      | Reached skill level 8 in Spellcasting
  8939 | D:8      | Reached skill level 4 in Translocations
  8941 | D:8      | Noticed Pikel
  9361 | D:8      | Found an ancient bone altar of Kikubaaqudgha.
  9391 | D:8      | Noticed a two-headed ogre
  9397 | D:8      | Killed a two-headed ogre
  9398 | D:8      | Reached skill level 4 in Short Blades
  9398 | D:8      | Reached skill level 8 in Stealth
  9398 | D:8      | Reached skill level 8 in Conjurations
  9398 | D:8      | Reached XP level 10. HP: 42/50 MP: 20/24
  9560 | D:8      | Reached skill level 7 in Hexes
  9884 | D:8      | Learned a level 4 spell: Fulminant Prism
  9951 | D:8      | Identified the +5 plate armour "Eshethrau" {Int+4}
  9984 | D:8      | Something stole 414 gold
  9994 | D:8      | Something stole the +1 trident "Pihouc" {flame, rN+ Int+2,
                  | polearm}
  9997 | D:8      | Something stole 29 gold
  9998 | D:8      | Killed Maurice
  9999 | D:8      | Reached skill level 8 in Dodging
  9999 | D:8      | Reached skill level 5 in Translocations
 10417 | D:8      | Noticed a two-headed ogre
 10420 | D:8      | Killed Pikel
 10435 | D:8      | Slain by a two-headed ogre

Vanquished Creatures
  Erica (D:8)
  A two-headed ogre (D:8)
  Pikel (D:8)
  Maurice (D:8)
  A flying skull (D:6)
  A steam dragon (D:7)
  A water moccasin (D:6)
  3 sky beasts
  3 ice beasts
  3 black bears
  An ogre (D:5)
  2 lemures
  3 phantoms (D:5)
  4 scorpions
  2 bullfrogs (D:6)
  A gnoll sergeant (D:4)
  4 wights (D:8)
  5 killer bees (D:8)
  2 electric eels (D:4)
  A howler monkey (D:5)
  4 hounds
  2 orc priests
  3 gnoll boudas
  6 iguanas
  A sleepcap (D:7)
  3 orc wizards
  14 gnolls
  7 adders
  2 shadow imps
  4 white imps
  2 ufetubi (D:6)
  A worm (D:3)
  3 dart slugs
  20 orcs
  8 ball pythons
  5 bats
  3 endoplasms
  5 giant cockroaches
  2 goblins
  10 hobgoblins
  15 jackals
  6 kobolds
  2 quokkas (D:1)
  3 frilled lizards (D:1)
172 creatures vanquished.

Vanquished Creatures (collateral kills)
  A troll (D:6)
  A jelly (D:4)
  An orc (D:6)
  A giant cockroach (D:4)
  A goblin (D:4)
5 creatures vanquished.

Vanquished Creatures (others)
  2 fulminant prisms (D:8)
2 creatures vanquished.

Grand Total: 179 creatures vanquished

Table legend:
 A = Non-vault XP
 B = Vault XP
 C = Vault XP percentage of total XP
 D = Non-vault monster count
 E = Vault monster count
 F = Vault count percentage of total count
                 A         B        C        D         E       F
            +---------+---------+-------+---------+---------+-------
      Total |    5237 |    2627 |  33.4 |     163 |      12 |   6.9
            +---------+---------+-------+---------+---------+-------
        D:1 |      53 |       0 |   0.0 |      27 |       0 |   0.0
        D:2 |      68 |       0 |   0.0 |      18 |       0 |   0.0
        D:3 |      31 |       0 |   0.0 |      16 |       0 |   0.0
        D:4 |     233 |     109 |  31.9 |      15 |       2 |  11.8
        D:5 |     848 |     284 |  25.1 |      16 |       5 |  23.8
        D:6 |    1560 |     347 |  18.2 |      32 |       2 |   5.9
        D:7 |     662 |       0 |   0.0 |      23 |       0 |   0.0
        D:8 |    1782 |    1887 |  51.4 |      16 |       3 |  15.8
            +---------+---------+-------+---------+---------+-------

Skill      XL: |  1  2  3  4  5  6  7  8  9 10 |
---------------+-------------------------------+-----
Stealth        | 3 4 5 6 8 |  8.5
Dodging        | 3 4 5 6 7 8 |  8.1
Spellcasting   | 4 5 6 7 8 |  8.8
Conjurations   | 5 6 7 8 |  8.4
Hexes          | 1 3 4 5 6 7 |  7.4
Translocations | 1 3 4 5 |  5.2
Short Blades   | 2 4 |  4.4

Action                     |  1- 3 |  4- 6 |  7- 9 | 10-12 || total
---------------------------+-------+-------+-------+-------++-------
  Melee: Flail             |    12 |       |       |       ||    12
         Punch             |     1 |       |     2 |     1 ||     4
         Dagger            |       |     4 |   107 |    21 ||   132
         Trident           |       |     4 |     4 |       ||     8
   Cast: Magic Dart        |    89 |    72 |    98 |    32 ||   291
         Searing Ray       |       |     4 |    36 |    11 ||    51
         Dazzling Flash    |       |       |     4 |     2 ||     6
         Iskenderun's Myst |       |       |     4 |       ||     4
         Fulminant Prism   |       |       |       |     2 ||     2
 Invoke: Line Pass         |       |       |       |     1 ||     1
  Evoke: Wand              |       |     3 |     4 |     1 ||     8
    Use: Scroll            |       |    10 |     8 |     2 ||    20
         Potion            |       |     1 |       |       ||     1
   Stab: Sleeping          |       |     1 |     7 |       ||     8
         Paralysed         |       |       |     7 |       ||     7
         Invisible         |       |       |       |     2 ||     2
 Armour: Robe              |    18 |    18 |    55 |       ||    91
         Troll leather arm |       |       |    76 |    22 ||    98
  Dodge: Dodged            |    27 |    25 |   140 |    15 ||   207

Illustrated notes

Table legend:
 A = Kills in this place as a percentage of kills in the entire game.
 B = Kills by you in this place as a percentage of kills by you in the entire game.
 C = Kills by friends in this place as a percentage of kills by friends in the entire game.
 D = Other kills in this place as a percentage of other kills in the entire game.
 E = Experience gained in this place as a percentage of experience gained in the entire game.
 F = Experience gained in this place divided by the number of levels of this place that you have seen.
                   A       B       C       D       E      F
               +-------+-------+-------+-------+-------+----------------------
         Total | 100.0 | 100.0 | 100.0 |   N/A | 100.0 | 983.0
       Dungeon | 100.0 | 100.0 | 100.0 |   N/A | 100.0 | 983.0
               +-------+-------+-------+-------+-------+----------------------

Table legend: (Time is in decaauts)
 A = Elapsed time spent in this place.
 B = Non-inter-level travel time spent in this place.
 C = Inter-level travel time spent in this place.
 D = Time resting spent in this place.
 E = Time spent auto-exploring this place.
 F = Levels seen in this place.
 G = Mean time per level.
                   A        B        C        D        E       F      G
               +--------+--------+--------+--------+--------+-----+--------+
         Total |  10424 |  10149 |    275 |   3826 |   4400 |   8 | 1303.0 |
       Dungeon |  10424 |  10149 |    275 |   3826 |   4400 |   8 | 1303.0 |
               +--------+--------+--------+--------+--------+-----+--------+

Top non-repeatable levels by time:
     D:6: 1974 daAuts
     D:5: 1744 daAuts
     D:4: 1412 daAuts
     D:7: 1231 daAuts
     D:8: 1115 daAuts
     D:1: 1098 daAuts
     D:3: 1093 daAuts
     D:2: 754 daAuts
